 Dungeon Crawl Stone Soup version 0.29.0-11-gd7f09526c8 (webtiles) character file.

Game seed: 14764554253712627322

39 Andicraft the Shield-Bearer (level 3, 0/25 HPs)
             Began as a Gnoll Wanderer on Sept 5, 2022.
             Succumbed to Crazy Yiuf's poison
             ... on level 2 of the Dungeon.
             The game lasted 00:12:46 (1468 turns).

Andicraft the Shield-Bearer (Gnoll Wanderer)        Turns: 1468, Time: 00:12:46

Health: 0/25       AC:  6    Str:  6 (7)  XL:     3   Next: 45%
Magic:  6/7        EV: 13    Int: 10      God:
Gold:   71         SH:  6    Dex: 20      Spells: 6/7 levels left

rFire   . . .      SeeInvis .   j - +5 hammer of Zataodie {venom, *Slow rCorr Dex+2}
rCold   . . .      Faith    .   b - +0 buckler
rNeg    . . .      Spirit   .   d - +0 robe
rPois   .          Reflect  .   e - +2 helmet
rElec   .          Harm     .   (no cloak)
rCorr   +          Rampage  .   (no gloves)
Will    .....                   (no boots)
Stlth   ++........              (no amulet)
HPRegen 0.08/turn               (no ring)
MPRegen 0.10/turn               (no ring)

@: lethally poisoned (0 -> -5), invisible
A: fangs 1, strong nose, distributed training, deterioration 1, shaggy fur 1
a: no special abilities


You were on level 2 of the Dungeon.
You visited 1 branch of the dungeon, and saw 2 of its levels.

You collected 71 gold pieces.

Inventory:

Hand Weapons
 f - a +0 short sword
 i - a +0 vorpal hammer
 j - the +5 hammer of Zataodie (weapon) {venom, *Slow rCorr Dex+2}
   (You found it on level 2 of the Dungeon)

   It poisons the flesh of those it strikes.
   Dex:       It affects your dexterity (+2).
   rCorr:     It protects you from acid and corrosion.
   *Slow:     It may slow you when you take damage.
Armour
 b - a +0 buckler (worn)
 d - a +0 robe (worn)
 e - a +2 helmet (worn)
Scrolls
 a - a scroll of magic mapping {unknown}
 g - a scroll of identify
Potions
 h - a potion of degeneration {unknown}


   Skills:
 + Level 0.9 Fighting
 + Level 4.5 Short Blades
 + Level 0.9 Long Blades
 + Level 0.9 Axes
 + Level 0.9 Maces & Flails
 + Level 0.9 Polearms
 + Level 0.9 Staves
 + Level 0.9 Ranged Weapons
 + Level 2.6 Throwing
 + Level 0.9 Armour
 + Level 2.6 Dodging
 + Level 0.9 Stealth
 + Level 4.5 Shields
 + Level 0.9 Unarmed Combat
 + Level 2.8 Spellcasting
 + Level 0.6 Conjurations
 + Level 0.6 Hexes
 + Level 0.6 Summonings
 + Level 0.6 Necromancy
 + Level 0.6 Translocations
 + Level 0.6 Transmutations
 + Level 0.6 Fire Magic
 + Level 0.6 Ice Magic
 + Level 0.6 Air Magic
 + Level 3.8 Earth Magic
 + Level 0.6 Poison Magic
 + Level 1.0 Invocations
 + Level 2.6 Evocations


You had 6 spell levels left.
You knew the following spells:

 Your Spells              Type           Power      Damage    Failure   Level
a - Sandblast             Erth           18%        2d7       8%          1

Your spell library contained the following spells:

 Spells                   Type           Power      Damage    Failure   Level
 Stone Arrow              Conj/Erth      10%        3d7       41%         3
 Gell's Gravitas          Tloc           2%         N/A       63%         3
 Teleport Other           Tloc           2%         N/A       63%         3
 Leda's Liquefaction      Hex/Erth       2%         N/A       82%         4
 Dispersal                Tloc           1%         N/A       100%        6


Dungeon Overview and Level Annotations

Branches:
Dungeon (2/15)

Altars:

Annotations:
D:2 Crazy Yiuf


Innate Abilities, Weirdness & Mutations

You have very sharp teeth.
Your uncanny sense of smell can sniff out nearby items.
Your experience applies equally to all skills.
Your body sometimes deteriorates upon taking damage.
You are covered in fur. (AC +1)


Message History

j - the +5 hammer of Zataodie (weapon)
{venom, *Slow rCorr Dex+2}
Found a stone staircase leading down.
There is a stone staircase leading down here.
You open the door.
There is an open door here.
You open the door.
There is an open door here.
You now have 71 gold pieces (gained 10).
You open the door.
There is an open door here.
You open the door.
There is an open door here.
You see here a +0 hammer.
You see here a +0 hammer.
You see here a +0 hammer.
Found a hammer.
Found a runed translucent door.
Okay, then.
As you open the door, it creaks loudly!
You barely miss Crazy Yiuf. Crazy Yiuf hits you but does no damage.
You are poisoned.
You closely miss Crazy Yiuf.
You feel very sick.
Crazy Yiuf says, "Fluff!
Whiteboard sanguine action."
Crazy Yiuf hits you with a +3 quarterstaff of chaos!
You resist with significant effort.
Crazy Yiuf hits you with a +3 quarterstaff of chaos!
* * * LOW HITPOINT WARNING * * *
Your body deteriorates!
You feel weakened.
You fade into invisibility!
Blink to where?
Press: ? - help, Dir - move target
As you read the scroll of blinking, it crumbles to dust.
* * * LOW HITPOINT WARNING * * *
You feel sick.
Aiming: Sandblast (safe; 8% risk of failure)
Press: ? - help, Q - select action Shift-Dir - straight line, f - Crazy Yiuf
Aim: Crazy Yiuf, wielding a +3 quarterstaff of chaos and wearing a +1 cloak of preservation (translocational energy, unable to see you, 83% to hit)
The blast of sand hits Crazy Yiuf.
Crazy Yiuf is lightly wounded.
You die...

......# #.....# #.#
#####.#######.###.## #.#
####.#............# #.# ##
##.........##.###..###### #.# #.
......#.....#...........# #.# #.
##.####.#...###########.####.###.
#.# #.....# #.......##. ##.#
####..# ##### #.####..... ...#
#..# #@.)# #.# ##.##. .### ##.#
#...# #.# #.### .# #.# #...# #..
#.# .# ##'# ##'## ### #.# .#
##..# ♣♣g♣ ..# .## ##...# ♣.♣♣
### ..## ##....# ♣♣.♣
...####.....# ♣.♣♣ ......+.....#
♣♣.♣♣ ∆


You could see Crazy Yiuf (unable to see you).

Vanquished Creatures
  An adder (D:2)
  A worm (D:2)
  2 dart slugs (D:1)
  3 ball pythons
  2 bats (D:1)
  4 endoplasms (D:1)
  A goblin (D:1)
  2 hobgoblins (D:1)
  A frilled lizard (D:1)
  2 kobolds (D:1)
  3 rats
22 creatures vanquished.

Notes
Turn   | Place    | Note
-------+----------+-------------------------------------------
     0 | D:1      | Andicraft the Gnoll Wanderer began the quest for the Orb.
     0 | D:1      | Andicraft set off with the following items: a +0 short
                  | sword, a +0 buckler, a scroll of blinking, a +0 robe; and
                  | the following spell memorised: Sandblast; and the following
                  | spells available to memorise: Stone Arrow, Leda's
                  | Liquefaction.
     0 | D:1      | Reached XP level 1. HP: 13/13 MP: 4/4
    64 | D:1      | Reached XP level 2. HP: 11/19 MP: 5/5
   400 | D:1      | Reached XP level 3. HP: 25/25 MP: 4/7
   739 | D:2      | Reached skill level 1 in Invocations
  1170 | D:2      | Gained mutation: Your body sometimes deteriorates upon
                  | taking damage. [potion of mutation]
  1170 | D:2      | Gained mutation: You are covered in fur. (AC +1) [potion of
                  | mutation]
  1262 | D:2      | Identified the +5 hammer of Zataodie {venom, *Slow rCorr
                  | Dex+2}
  1458 | D:2      | Found a runed translucent door.
  1459 | D:2      | Noticed Crazy Yiuf
  1467 | D:2      | HP: 1/25 [poisoned by Crazy Yiuf]
  1468 | D:2      | Succumbed to Crazy Yiuf's poison

Illustrated notes

Levels and vault maps discovered:
D:1:      psy_arrival_radial01, layout_rooms
D:2:      layout_loops_corners, uniq_crazy_yiuf_cottage

Skill      XL: |  1  2  3 |
---------------+----------+-----
Invocations    | 1 |  1.0
Fighting       | |  0.9
Short Blades   | |  4.5
Long Blades    | |  0.9
Axes           | |  0.9
Maces & Flails | |  0.9
Polearms       | |  0.9
Staves         | |  0.9
Ranged Weapons | |  0.9
Throwing       | |  2.6
Armour         | |  0.9
Dodging        | |  2.6
Stealth        | |  0.9
Shields        | |  4.5
Unarmed Combat | |  0.9
Spellcasting   | |  2.8
Conjurations   | |  0.6
Hexes          | |  0.6
Summonings     | |  0.6
Necromancy     | |  0.6
Translocations | |  0.6
Transmutations | |  0.6
Fire Magic     | |  0.6
Ice Magic      | |  0.6
Air Magic      | |  0.6
Earth Magic    | |  3.8
Poison Magic   | |  0.6
Evocations     | |  2.6

Action                   || total
-------------------------++-------
Melee: Short sword       ||    28
       Bite              ||     1
       Mace              ||     2
 Cast: Sandblast         ||    26
  Use: Scroll            ||     5
       Potion            ||     2
Armor: Robe              ||     7
Dodge: Dodged            ||    16
Block: Buckler           ||     6
